[Event "*** Titled Tuesday Blitz"]
[Site "Chess.com"]
[Date "2021.04.20"]
[Round "5"]
[White "ajedrez1101"]
[Black "realmadridtv"]
[Result "1-0"]
[WhiteElo "2149"]
[BlackElo "2377"]
[TimeControl "180+1"]
[EndTime "10:55:34 PDT"]
[Termination "ajedrez1101 won by resignation"]

1. b3 d5 2. Bb2 c5 3. e3 Nc6 4.
Bb5 Nf6 5. Nf3 Bd7 6. Bxc6 Bxc6 7.
Ne5 Bb5 8. a4 Ba6 9. d3 e6 10.
Nd2 Bd6 11. f4 Nd7 12. O-O Nxe5 13. Bxe5 Bxe5 14. fxe5 Qg5 15. Qf3 O-O 16. Qf4 Qxf4 17. Rxf4 f6 18. exf6 Rxf6 19. Raf1 Raf8 20. Rxf6 gxf6 21.
e4 b6 22. exd5 exd5 23. Rf5 Bb7 24. Kf2 Kf7 25. Rh5 Kg6 26. Rh4 h5 27. g3 Bc8 28.
Rf4 Re8 29. Nf3 d4 30. Nh4+ Kg5 31. Nf3+ Kg6 32. Nh4+ Kg7 33. Nf5+ Bxf5 34. Rxf5 Kg6 35. Rd5 Re7 36. Rd8 Re6 37. Rd7 a6 38. Ra7 b5 39.
axb5 axb5 40. Rc7 Re5 41. Rb7 b4 42. Rc7 Kg5 43. Rg7+ Kf5 44. h3 Re6 45. Rc7 Re5 46. Kf3 Ke6 47. Rc8 Kd5 48. Rd8+ Ke6 49. Re8+ Kf5 50. Rxe5+ Kxe5 51. g4 hxg4+ 52. Kxg4 f5+ 53. Kf3 Ke6 54. Kf4 Kf6 55. h4 Kg6 56. h5+ Kf6 57.
h6 Kg6 58. h7 Kxh7 59. Kxf5 Kg7 60. Ke5 Kf7 61. Kd5 c4 62. Kxc4 1-0

[Event "*** Titled Tuesday Blitz"]
[Site "Chess.com"]
[Date "2021.04.20"]
[Round "5"]
[White "Diego_FloresQ"]
[Black "Jenia84"]
[Result "1-0"]
[WhiteElo "2615"]
[BlackElo "2403"]
[TimeControl "180+1"]
[EndTime "10:55:36 PDT"]
[Termination "Diego_FloresQ won by resignation"]

1. e4 e5 2. Nf3 Nc6 3. c3 Nf6 4. d4 exd4 5. e5 Nd5 6. Qb3 Nb6 7.
cxd4 d6 8. Bb5 Be6 9. Qc2 dxe5 10. Nxe5 Bb4+ 11. Bd2 Bxd2+ 12. Nxd2 O-O 13. Nxc6 bxc6 14. Bxc6 Rb8 15. Nf3 Bc4 16. b3 Qe7+ 17. Kd1 Bd5 18. Re1 Qf6 19. Bxd5 Nxd5 20. Re5 Rfd8 21. Kc1 Rb6 22. Kb2 h6 23. Rae1 g6 24. Qe4 Rbd6 25. h4 Kg7 26. h5 Nf4 27. hxg6 Nxg6 28. Rf5 Qe6 29. Qxe6 fxe6 30. Ra5 a6 31. g3 Ne7 32. Rae5 Kf6 33. R1e4 Nf5 34. Rf4 Kg6 35. Kc3 Rc6+ 36. Kd3 Rcd6 37. Rfe4 Kf6 38. g4 Ne7 39. Rf4+ Kg7 40.
Rfe4 Kf6 41. g5+ hxg5 42. Nxg5 Nc6 43. Rxe6+ Kxg5 44. Rxd6 Rxd6 45. Ke3 Kf5 46. f3 Re6 47. d5 Rxe4+ 48. fxe4+ Ke5 49. dxc6 Kd6 50. Kd4 Kxc6 51. e5 Kd7 52. Kd5 Ke7 53. Kc6 Ke6 54. Kxc7 Kxe5 55. Kb6 Kd4 56. Kxa6 1-0

[Event "*** Titled Tuesday Blitz"]
[Site "Chess.com"]
[Date "2021.04.20"]
[Round "5"]
[White "campomania3"]
[Black "Taktikmonster"]
[Result "0-1"]
[WhiteElo "2199"]
[BlackElo "2421"]
[TimeControl "180+1"]
[EndTime "10:55:38 PDT"]
[Termination "Taktikmonster won on time"]

1. d4 Nf6 2. c4 e6 3. Nc3 Bb4 4. f3 O-O 5. a3 Bxc3+ 6. bxc3 c5 7. e4 d6 8. Bd3 Nc6 9. Ne2 b6 10. Be3 Ba6 11. Ng3 Na5 12. Qe2 cxd4 13. cxd4 Rc8 14.
Rc1 Qd7 15. O-O Qa4 16. Bg5 Bxc4 17. Bxf6 gxf6 18. Nh5 Bxd3 19. Qxd3 Nb3 20. Rxc8 Rxc8 21. Nxf6+ Kg7 22. Nh5+ Kf8 23. Rd1 Rc1 24. d5 Rxd1+ 25.
Qxd1 Qd4+ 26. Qxd4 Nxd4 27. dxe6 fxe6 28. Kf2 Nb5 29.
a4 Nc3 30. a5 bxa5 31. Ke3 a4 32. Kd3 Nd1 33. Nf4 Nf2+ 34. Kc3 Kf7 35. Kb4 Kf6 36. Kxa4 Ke5 37. Ne2 Nd3 38. g4 Ne1 39. f4+ Kxe4 40.
h4 Ng2 41. h5 Nxf4 42. g5 Nxe2 43. g6 hxg6 44. h6 d5 45. h7 d4 46. h8=Q d3 47.
Qh4+ Ke3 48. Qg5+ Kf2 49. Qd2 e5 50. Qxd3 g5 51. Qf5+ Ke1 52. Qxe5 g4 0-1

[Event "*** Titled Tuesday Blitz"]
[Site "Chess.com"]
[Date "2021.04.20"]
[Round "5"]
[White "TST2014"]
[Black "Salem-AR"]
[Result "0-1"]
[WhiteElo "2648"]
[BlackElo "2956"]
[TimeControl "180+1"]
[EndTime "10:55:39 PDT"]
[Termination "Salem-AR won by checkmate"]

1. d4 d5 2. c4 e6 3. Nf3 Nf6 4. Nc3 c6 5. e3 Nbd7 6. Qc2 Bd6 7. Be2 dxc4 8. a4 O-O 9. Bxc4 b6 10. O-O Bb7 11. e4 e5 12. Rd1 Qc7 13. h3 a6 14.
Bg5 b5 15. Bb3 Rac8 16. Rac1 Qb8 17. Qe2 b4 18. Nb1 c5 19. d5 h6 20. Bh4 Nh5 21. Bc4 Nb6 22. b3 Nf4 23. Qf1 f5 24.
exf5 e4 25. Nfd2 Rxf5 26. Nxe4 Rcf8 27. Nxd6 Qxd6 28. Bg3 Rg5 29. Nd2 Rxg3 30. fxg3 Nxh3+ 31. gxh3 Rxf1+ 32. Nxf1 Nd7 33. Re1 Ne5 34. Re4 Kh8 35. Kf2 Bxd5 36. Rd1 Nxc4 37. bxc4 Qg6 38. Rf4 Bc6 39.
Ne3 Kh7 40. Nf5 Qf6 41. g4 Qb2+ 42. Kg3 Qb3+ 43. Kh4 Qxd1 44. Ng3 g5+ 45. Kh5 Be8+ 46. Rf7+ Bxf7# 0-1

[Event "*** Titled Tuesday Blitz"]
[Site "Chess.com"]
[Date "2021.04.20"]
[Round "5"]
[White "Iball95"]
[Black "crescentmoon2411"]
[Result "1/2-1/2"]
[WhiteElo "2614"]
[BlackElo "2821"]
[TimeControl "180+1"]
[EndTime "10:55:39 PDT"]
[Termination "Game drawn by repetition"]

1. e4 c5 2. Nf3 e6 3. g3 Nc6 4.
Bg2 Nf6 5. Qe2 e5 6. O-O d6 7.
d3 Be7 8. a4 O-O 9. Bg5 Be6 10.
Nc3 Ne8 11. Bd2 Nc7 12. h3 Qd7 13. Kh2 Rae8 14. Ng5 Bxg5 15. Bxg5 Nd4 16. Qd1 f5 17. exf5 Bxf5 18. Be3 h6 19. Nd5 Nxd5 20. Bxd5+ Be6 21.
Bg2 Qf7 22. c3 Bb3 23. Qc1 Nc2 24. Rb1 Nxe3 25. fxe3 Qg6 26. Qd2 Bxa4 27. Bxb7 Bd7 28. Bd5+ Kh8 29. Ra1 Qh5 30. Bg2 Rxf1 31. Rxf1 a5 32.
c4 a4 33. Rf2 Qg6 34. Be4 Qe6 35. Bf5 Qe7 36. Bxd7 Qxd7 37. e4 Rb8 38. Qa5 Kh7 39. Qc3 Rb3 40. Qc2 Qb7 41. Qe2 Qd7 42. Qc2 Qe6 43. Qe2 Qg6 44. Qf3 Qf6 45. Qe2 Qg5 46. Qf3 Qg6 47. h4 Qe6 48. Qe2 Qd7 49. Qf3 Qe6 50. Qe2 Qd7 51. Qf3 Rb8 52. Qe2 Qe6 53. Qc2 Rb3 54. Qe2 1/2-1/2

[Event "*** Titled Tuesday Blitz"]
[Site "Chess.com"]
[Date "2021.04.20"]
[Round "5"]
[White "Blitzking642"]
[Black "Andrakhanova"]
[Result "1-0"]
[WhiteElo "2459"]
[BlackElo "2312"]
[TimeControl "180+1"]
[EndTime "10:55:39 PDT"]
[Termination "Blitzking642 won on time"]

1. e4 c5 2. Nf3 e6 3. d4 cxd4 4. Nxd4 Nf6 5. Nc3 Nc6 6. a3 d5 7. Bb5 Bd7 8. exd5 Nxd5 9. Nxd5 exd5 10. O-O Be7 11. Re1 O-O 12. Bf1 Bf6 13. Be3 Re8 14. Qd2 Ne5 15. Rad1 Bg4 16. f3 Bd7 17. Nb3 Bc6 18.
Na5 Qc7 19. Bd4 Rac8 20. Qc3 Nd7 21. Nxc6 bxc6 22. Bxf6 Nxf6 23. Qc5 Rb8 24. b4 Nd7 25. Qd4 a5 26. c3 axb4 27. axb4 h6 28. Bd3 Rxe1+ 29.
Rxe1 Nf6 30. Qc5 Re8 31. Rxe8+ Nxe8 32. g3 g6 33. Kf2 h5 34. h4 Nd6 35. b5 Qe7 36.
Qxc6 Nc4 37. Bxc4 dxc4 38. Qc8+ Kh7 39. Qxc4 Qa3 40. Qxf7+ Kh6 41. Qf4+ Kh7 42. Qb4 Qa2+ 43. Ke3 Qd5 44. Qe7+ Kg8 45. Qe8+ Kg7 46. Qc6 Qe5+ 47. Kd3 Qf5+ 48. Kc4 Qe5 49. b6 Qe2+ 50. Kc5 Qe3+ 51. Kd6 Qd2+ 52. Qd5 1-0

[Event "*** Titled Tuesday Blitz"]
[Site "Chess.com"]
[Date "2021.04.20"]
[Round "5"]
[White "woodhy"]
[Black "Reader777"]
[Result "1-0"]
[WhiteElo "2504"]
[BlackElo "2692"]
[TimeControl "180+1"]
[EndTime "10:55:40 PDT"]
[Termination "woodhy won by checkmate"]

1. e4 c5 2. Nf3 d6 3. d4 cxd4 4. Nxd4 Nf6 5. f3 e5 6. Nb3 Be7 7. Nc3 O-O 8. Bc4 a5 9. a4 Nc6 10. O-O Nb4 11. Bg5 h6 12. Bh4 Bd7 13. Bf2 Bc6 14.
Qe2 Rc8 15. Rfd1 Qc7 16. Rd2 Bd7 17. Bd5 Nbxd5 18. exd5 Nh5 19. Nb5 Qd8 20. c4 Nf4 21. Qf1 f5 22. Rc2 e4 23. Bd4 Bf6 24. Qf2 Nd3 25. Qe3 Bxd4 26. Qxd4 Bxb5 27. axb5 b6 28. fxe4 fxe4 29. Qxe4 Nc5 30. Nxc5 Rxc5 31. Re1 Kh8 32. h3 Qg5 33. Kh2 Rfc8 34. Re3 Qf6 35. Rec3 h5 36. Qf3 Qe5+ 37. Qg3 Qxg3+ 38. Kxg3 Re8 39.
Kh4 g6 40. g4 Kg7 41. gxh5 Rh8 42. Kg3 Rxh5 43. Re2 Rg5+ 44. Kf4 Rf5+ 45. Kg4 Kf7 46. Re6 Rf6 47. Re4 Rc8 48. Rce3 Rc7 49. Re8 Rc5 50. b3 Rxc4+ 51. bxc4 Kg7 52. R3e7+ Kh6 53. Rh8# 1-0

[Event "*** Titled Tuesday Blitz"]
[Site "Chess.com"]
[Date "2021.04.20"]
[Round "5"]
[White "TimKett"]
[Black "PowerThinking2650"]
[Result "1/2-1/2"]
[WhiteElo "2243"]
[BlackElo "2396"]
[TimeControl "180+1"]
[EndTime "10:55:40 PDT"]
[Termination "Game drawn - insufficient material"]

1. e4 e5 2. f4 Bc5 3. Nf3 d6 4. Nc3 Nf6 5. Bc4 Nc6 6. d3 Bg4 7. Na4 Bb6 8. Nxb6 axb6 9. O-O Nd4 10. Be3 Nxf3+ 11. gxf3 Bh3 12. Rf2 exf4 13. Bxf4 Nh5 14. Be3 g5 15. f4 Nxf4 16. Bxf4 gxf4 17. Bxf7+ Kd7 18. Qh5 Rg8+ 19. Bxg8 Qxg8+ 20. Kh1 Bg4 21. Qh4 Be6 22. Rg1 Qh8 23. a3 Qxb2 24. Qxh7+ Kc6 25. Qg7 Qxa3 26. h4 Rg8 27. Qf6 Rxg1+ 28. Kxg1 Qc1+ 29. Kh2 Ba2 30. Qxf4 Qd1 31. Qf3 Qc1 32. h5 Be6 33. Qf4 Qd1 34. h6 Qh5+ 35. Kg1 Bh3 36. Qf3 Qxh6 37. e5+ d5 38. c4 Be6 39. cxd5+ Bxd5 40. Qf6+ Qxf6 41. exf6 Bf7 42. Re2 Kd6 43. Re7 Bd5 44.
Rg7 b5 45. f7 Ke7 46. f8=Q+ Kxf8 47. Rxc7 Ke8 48. Rc5 Bc6 49. Kf2 Kd7 50. Ke3 Kd6 51.
Kd4 b6 52. Rh5 Bd7 53. Rh6+ Be6 54. Kc3 Kd5 55. d4 Bd7 56. Rxb6 Bc6 57. Kb4 Bd7 58. Rxb5+ Bxb5 59. Kxb5 Kxd4 1/2-1/2

[Event "*** Titled Tuesday Blitz"]
[Site "Chess.com"]
[Date "2021.04.20"]
[Round "5"]
[White "AndreyNeves"]
[Black "AttractiveMustard"]
[Result "1-0"]
[WhiteElo "2255"]
[BlackElo "2367"]
[TimeControl "180+1"]
[EndTime "10:55:43 PDT"]
[Termination "AndreyNeves won by resignation"]

1. d4 Nf6 2. c4 g6 3. g3 Bg7 4.
Bg2 O-O 5. Nf3 d6 6. O-O Nbd7 7.
Nc3 e5 8. e3 Qe7 9. b3 Re8 10.
Ba3 exd4 11. exd4 Qd8 12. Qd2 Ne4 13. Nxe4 Rxe4 14. Rfe1 Nf6 15. Rxe4 Nxe4 16. Qe3 Nf6 17. Re1 Bd7 18. Nd2 Qf8 19. Bxb7 Re8 20. Ne4 Nxe4 21. Bxe4 Bf5 22. f3 Qe7 23. Bc1 c5 24. dxc5 dxc5 25. Kg2 Qd6 26. Qd2 Qxd2+ 27. Bxd2 Bxe4 28. Rxe4 Rd8 29. Re2 Bd4 30. f4 f5 31. Kf3 Kf7 32. Be3 Rd7 33. Bxd4 cxd4 34. Rd2 Kf6 35. b4 g5 36.
fxg5+ Kxg5 37. h4+ Kf6 38. Kf4 Ke6 39. a4 Kf6 40. c5 Ke6 41. b5 Kd5 42. c6 Rd8 43.
Kxf5 Kc4 44. Ke6 Kc3 45. Rd1 d3 46. c7 Rc8 47. Kd7 Rg8 48. c8=Q+ Rxc8 49. Kxc8 Kc2 50. Rxd3 Kxd3 51. a5 Kc4 52. b6 axb6 53. axb6 1-0

[Event "*** Titled Tuesday Blitz"]
[Site "Chess.com"]
[Date "2021.04.20"]
[Round "5"]
[White "CSB7"]
[Black "elextranjero00"]
[Result "1-0"]
[WhiteElo "2751"]
[BlackElo "2574"]
[TimeControl "180+1"]
[EndTime "10:55:44 PDT"]
[Termination "CSB7 won by resignation"]

1. d4 Nf6 2. Bf4 b6 3. Nc3 Bb7 4. f3 d6 5. e4 Nbd7 6. Nge2 e5 7. Be3 Be7 8. Qd2 O-O 9. O-O-O Re8 10. d5 c6 11. dxc6 Bxc6 12. g4 Nc5 13. Ng3 Bf8 14.
g5 Nfd7 15. Bc4 b5 16. Bxb5 Bxb5 17. Nxb5 Rb8 18. Nxd6 Bxd6 19. Qxd6 Qa5 20. Qd5 Qb4 21. b3 Qc3 22. Nf5 Rb5 23. Bxc5 Nxc5 24. Nd6 Nxb3+ 25. Qxb3 Rxb3 26. axb3 Rd8 27. Kb1 Qxf3 28. Rhf1 Qg4 29. Rd2 h6 30. gxh6 gxh6 31. Rff2 Kh8 32. Nxf7+ Kg7 33. Nxd8 Qxe4 34. Kb2 Qe3 35. Ne6+ Kg6 36. Nf8+ Kg7 37. Rfe2 Qf3 38. Nd7 e4 39. Nc5 e3 40.
Rg2+ Kf6 41. Rde2 Ke5 42. Nd3+ Kd4 43. Nb4 Qe4 44. Nd3 a5 45. Ne1 a4 46. c3+ Ke5 47. bxa4 Qc4 48. Nc2 Kd6 49. Nxe3 Qxa4 50. Rd2+ Kc5 51.
Nc2 Qb5+ 52. Nb4 Qc4 53. Rd5+ Kb6 54. Rg6+ Kc7 55. Rc6+ 1-0

[Event "*** Titled Tuesday Blitz"]
[Site "Chess.com"]
[Date "2021.04.20"]
[Round "5"]
[White "BashirliSaadat"]
[Black "JiiHart"]
[Result "1/2-1/2"]
[WhiteElo "2179"]
[BlackElo "1992"]
[TimeControl "180+1"]
[EndTime "10:55:44 PDT"]
[Termination "Game drawn by repetition"]

1. e4 c5 2. Nf3 Nc6 3. Bb5 g6 4. O-O Bg7 5. Re1 Nf6 6. c3 O-O 7. d4 cxd4 8. cxd4 d5 9. e5 Ne4 10. Bxc6 bxc6 11. Nbd2 Nxd2 12. Bxd2 Bg4 13. h3 Bxf3 14.
Qxf3 Qb6 15. Bc3 e6 16. Rac1 a5 17. Qe3 Rfc8 18. Qd2 Bf8 19. a3 c5 20. dxc5 Bxc5 21. b4 axb4 22. axb4 Bf8 23. Bd4 Qb5 24. Rxc8 Rxc8 25.
Rb1 Rc4 26. Bc3 d4 27. Bxd4 Bxb4 28. Qe3 Qd5 29. Bb6 Qe4 30. Qh6 Bf8 31. Qg5 Rb4 32.
Rxb4 Qxb4 33. Be3 Qb1+ 34. Kh2 Qf5 35. Qxf5 exf5 36. Kg3 Bb4 37. f4 Kf8 38. Kf3 Ke7 39. g4 Ke6 40. Bd4 Be1 41. Bc5 Bd2 42. Bd6 Bc1 43. Bf8 Bd2 44. Bc5 Bc1 45. g5 Kd5 46. Bd6 Bd2 47. h4 Bc1 48. Be7 Bd2 49. Bf6 Be1 50. Bg7 Bxh4 51. Bh6 Be1 52. Ke3 Bb4 53.
Kf3 Ba3 54. Bg7 Bc1 55. Bf6 Bd2 56. Bg7 Bc1 57. Bh6 Bd2 58. Bf8 Bc1 59. Bh6 Bd2 60.
Bg7 Bc1 1/2-1/2

[Event "*** Titled Tuesday Blitz"]
[Site "Chess.com"]
[Date "2021.04.20"]
[Round "5"]
[White "albi1999"]
[Black "nrvisakh"]
[Result "0-1"]
[WhiteElo "2616"]
[BlackElo "2795"]
[TimeControl "180+1"]
[EndTime "10:55:45 PDT"]
[Termination "nrvisakh won on time"]

1. d4 Nf6 2. Nf3 e6 3. c4 b6 4. g3 Bb7 5. Bg2 Bb4+ 6. Bd2 Be7 7. O-O O-O 8. Nc3 d5 9. cxd5 exd5 10. Ne5 c5 11.
dxc5 bxc5 12. Qb3 Nbd7 13. Qxb7 Nxe5 14. Nxd5 Nxd5 15. Qxd5 Qxd5 16. Bxd5 Rad8 17. e4 Nf3+ 18. Kg2 Nxd2 19. Rfd1 Rxd5 20. exd5 Nc4 21. Rac1 Nxb2 22.
Rd2 Na4 23. d6 Bf6 24. Rc4 Nb6 25. Rxc5 Rd8 26. Rc6 h5 27. Rd3 Nc8 28. Ra3 Nxd6 29. Rxa7 h4 30. Ra3 Ne4 31. Re3 h3+ 32. Kxh3 Nxf2+ 33. Kg2 Rd2 34. Kf3 Nd3 35. Rc8+ Kh7 36. h4 Ne5+ 37.
Kf4 Rf2+ 38. Ke4 Rxa2 39. Rc5 Ra4+ 40. Kd5 Nd7 41. Rb5 Rd4+ 42. Kc6 g6 43. Rb7 Ne5+ 44.
Kc5 Nd7+ 45. Kc6 Ne5+ 46. Kc5 Rd8 47. Re4 Kg7 48. Rc7 Nd3+ 49. Kc4 Nb2+ 50. Kb3 Rd3+ 51.
Kc2 Rxg3 52. Rb4 Nd3 53. Rbb7 Ne5 54. Rb4 Rh3 0-1

[Event "*** Titled Tuesday Blitz"]
[Site "Chess.com"]
[Date "2021.04.20"]
[Round "5"]
[White "Margency"]
[Black "Andreikka"]
[Result "0-1"]
[WhiteElo "2713"]
[BlackElo "2872"]
[TimeControl "180+1"]
[EndTime "10:55:46 PDT"]
[Termination "Andreikka won by resignation"]

1. e4 e5 2. Nf3 Nc6 3. Bc4 Bc5 4. d3 Nf6 5. O-O O-O 6. a4 a5 7. Bg5 h6 8. Bh4 Be7 9. Nbd2 d6 10. c3 Kh8 11.
Re1 Nh5 12. Bxe7 Qxe7 13. d4 Nf4 14. Nf1 Qf6 15. Ne3 exd4 16. cxd4 Nb4 17. e5 Qg6 18. g3 Nfd3 19. Re2 dxe5 20. Nxe5 Nxe5 21. dxe5 Be6 22. b3 Rad8 23. Rd2 Rxd2 24. Qxd2 Qe4 25. f4 Nc6 26. Rd1 Bxc4 27. bxc4 Rd8 28. Qc3 Rxd1+ 29. Nxd1 Nd4 30.
Qe3 Qxe3+ 31. Nxe3 Ne2+ 32. Kf2 Nc3 33. Nd5 Nxa4 34.
Nxc7 Nb6 35. c5 Nd7 36. e6 fxe6 37. Nxe6 a4 38. Ke3 a3 39. Nd4 Nxc5 40. Nc2 a2 41. Na1 b5 42. Kd4 Na4 43. Kd3 Kh7 44. Kc2 Kg6 45. Kb3 Kf5 46. Kxa2 Kg4 47. Nc2 Kh3 48.
Ne3 Nc5 49. Nf5 Ne6 50. Kb3 Kxh2 51. Kb4 Kh3 52. Kxb5 Kg4 53. Nd6 Kxg3 54. f5 Ng5 55. Ne8 h5 56. Nxg7 h4 57. f6 h3 58. Nh5+ Kf3 0-1

[Event "*** Titled Tuesday Blitz"]
[Site "Chess.com"]
[Date "2021.04.20"]
[Round "5"]
[White "DrMamaliga"]
[Black "Fraler15"]
[Result "1-0"]
[WhiteElo "2358"]
[BlackElo "2207"]
[TimeControl "180+1"]
[EndTime "10:55:46 PDT"]
[Termination "DrMamaliga won on time"]

1. b3 e5 2. Bb2 d6 3. e3 Nf6 4. d4 exd4 5. exd4 d5 6. Bd3 Be7 7. Ne2 O-O 8. O-O c6 9. c4 Bg4 10. Nbc3 Re8 11. h3 Bh5 12. Qd2 Nbd7 13. Rae1 Bd6 14. Nf4 Bg6 15. Bxg6 hxg6 16. cxd5 Qc7 17. Nd3 Nxd5 18. Nxd5 cxd5 19. Rc1 Qb6 20. Rfe1 Nf6 21.
Ne5 Ne4 22. Qc2 Bxe5 23. dxe5 Kh7 24. Ba1 Rac8 25. Qb2 Rc6 26. Qd4 Qxd4 27. Bxd4 Rec8 28. Rxc6 Rxc6 29. f3 Ng3 30. a4 b6 31. a5 Rc2 32.
Bf2 Ne2+ 33. Kf1 Nf4 34. axb6 axb6 35. Rd1 Rb2 36. Rd4 Rb1+ 37. Be1 Nxg2 38. Kxg2 Rxe1 39.
Rxd5 Re2+ 40. Kg3 Re3 41. Rb5 g5 42. Kf2 Rc3 43. Rxb6 Rc2+ 44. Ke3 Rb2 45. e6 fxe6 46.
Ke4 Kg6 47. Rxe6+ Kf7 48. Rb6 g6 49. Ke5 Re2+ 50. Kd4 Rd2+ 51. Ke3 Rb2 52. b4 Rh2 53. b5 Rxh3 54. Ke4 Rh1 55. Rb7+ Kf6 56. Rb6+ Kf7 57. Rb8 Rb1 58. b6 Kg7 59. Ke5 Rb2 60. Rb7+ 1-0

[Event "*** Titled Tuesday Blitz"]
[Site "Chess.com"]
[Date "2021.04.20"]
[Round "5"]
[White "Zhigalko_Sergei"]
[Black "ZAbdumalik"]
[Result "1-0"]
[WhiteElo "2915"]
[BlackElo "2633"]
[TimeControl "180+1"]
[EndTime "10:55:47 PDT"]
[Termination "Zhigalko_Sergei won by resignation"]

1. e4 e5 2. Nf3 Nc6 3. Bc4 Nf6 4. d3 h6 5. c3 d6 6. Nbd2 g6 7. Bb3 Bg7 8. O-O O-O 9. Re1 Re8 10. h3 Be6 11. Nf1 d5 12. Qe2 a6 13. Ng3 Na5 14. Bc2 Nc6 15. Be3 d4 16. cxd4 Nxd4 17. Nxd4 exd4 18. Bd2 c5 19. Bb3 Bxb3 20. axb3 Qb6 21. Qd1 Rac8 22. Qc2 Nd7 23. Ne2 Qd6 24. Rac1 Ne5 25.
Nf4 Bf8 26. Nd5 b5 27. Bf4 Qe6 28. Qd2 Kh7 29. Ra1 Rc6 30. Rf1 Bg7 31. Bxe5 Qxe5 32.
f4 Qd6 33. f5 c4 34. bxc4 bxc4 35. fxg6+ fxg6 36. Rf7 Rf8 37. Nf6+ Qxf6 38. Rxf6 Rcxf6 39. dxc4 d3 40. e5 Rf5 41. Qxd3 Rxe5 42. Rd1 Ref5 43. b3 Rf2 44. Kh1 R2f4 45. c5 R8f6 46. Rc1 Rc6 47. Qc2 Rd4 48. Qe2 Rd5 49. b4 Rd4 50.
Qf3 Rc8 51. Qb3 Rb8 52. c6 Rdxb4 53. Qxb4 Rxb4 54. c7 1-0

[Event "*** Titled Tuesday Blitz"]
[Site "Chess.com"]
[Date "2021.04.20"]
[Round "5"]
[White "SilviusTiberius"]
[Black "dropstoneDP"]
[Result "0-1"]
[WhiteElo "2573"]
[BlackElo "2928"]
[TimeControl "180+1"]
[EndTime "10:55:48 PDT"]
[Termination "dropstoneDP won by resignation"]

1. e4 c6 2. d4 d5 3. exd5 cxd5 4. Bd3 Nc6 5. c3 Qc7 6. Ne2 e6 7. Bf4 Bd6 8. Bxd6 Qxd6 9. Nd2 Nf6 10. Nf3 O-O 11. O-O Re8 12. Re1 e5 13. dxe5 Nxe5 14. Nxe5 Rxe5 15. Nd4 Bg4 16. Qd2 Rae8 17. h3 Bd7 18.
Rxe5 Qxe5 19. Nf3 Qh5 20. Qf4 h6 21. Rd1 d4 22. cxd4 Bc6 23. Bc4 Bxf3 24. Qxf3 Qxf3 25. gxf3 Kf8 26. Kf1 Rc8 27. Bb3 Ne8 28. Ke2 Ke7 29.
Kd3 Nd6 30. Re1+ Kd7 31. h4 h5 32. Re5 g6 33. Re1 Rc7 34. Bd5 Kd8 35. f4 Rd7 36. Bb3 Nf5 37. d5 Nxh4 38. Kd4 Nf5+ 39. Kc5 Rc7+ 40. Kb4 Re7 41. Rd1 Kc7 42. Bc2 Re2 43.
Rc1 Kd6 44. Bxf5 gxf5 45. Rh1 Rxb2+ 46. Kc3 Rxf2 47. Rxh5 Rxf4 48. Rh7 Kxd5 49. Rxf7 Kc6 50. Rf6+ Kb5 51. Rf7 Ka6 52. Rf6+ b6 53. a3 Rf3+ 54.
Kb4 Rf4+ 55. Kb3 Ka5 56. Rf7 a6 57. a4 Rf3+ 58. Kc4 Kxa4 59. Ra7 Ka5 60. Ra8 f4 61. Kd4 Rf1 62. Ke4 b5 63. Rd8 b4 64. Rd2 Ka4 65. Kd4 a5 66. Kc4 Rc1+ 67. Kd4 Rc3 68. Ra2+ Kb5 69. Rh2 f3 0-1

[Event "*** Titled Tuesday Blitz"]
[Site "Chess.com"]
[Date "2021.04.20"]
[Round "5"]
[White "mishanick"]
[Black "Kildepiotr"]
[Result "1-0"]
[WhiteElo "2964"]
[BlackElo "2648"]
[TimeControl "180+1"]
[EndTime "10:55:50 PDT"]
[Termination "mishanick won by resignation"]

1. c4 g6 2. d4 Bg7 3. e4 c5 4.
d5 d6 5. Nc3 e6 6. Nf3 Ne7 7. Bd3 O-O 8. O-O Na6 9. dxe6 Bxe6 10. Bf4 Nc6 11. Nb5 Ne5 12. Nxe5 dxe5 13. Be3 Nb4 14. Be2 b6 15. Qxd8 Rfxd8 16. Nc7 Nc2 17. Nxa8 Nxa1 18. Nc7 Nc2 19. Nxe6 fxe6 20. Bg5 Rd7 21. Rc1 Nd4 22. Kf1 Kf7 23. Be3 Bf6 24.
a3 Be7 25. Bd1 Rd8 26. Ba4 h5 27. g3 g5 28. h3 Kg6 29. Kg2 Rf8 30. Rb1 a5 31. Rd1 g4 32. hxg4 hxg4 33. Rh1 Bg5 34. Bxg5 Kxg5 35. Rh7 Rd8 36. Rg7+ Kf6 37. Rxg4 Ne2 38.
Kf3 Rd2 39. b3 Nd4+ 40. Kg2 Rb2 41. Rh4 Nxb3 42. Rh6+ Ke7 43. Rh7+ Kf6 44. Be8 Nd2 45. Rf7+ Kg5 46. Rg7+ Kf6 47. Rf7+ Kg5 48. Bc6 Nxc4 49. Kh3 b5 50. f4+ exf4 51. gxf4+ Kh6 52. Rf6+ Kg7 53.
Rxe6 Nxa3 54. f5 c4 55. f6+ Kg6 56. Be8+ Kg5 57. f7 Rf2 58. Re5+ Kh6 59. Kg3 Rf6 60. Re6 1-0

[Event "*** Titled Tuesday Blitz"]
[Site "Chess.com"]
[Date "2021.04.20"]
[Round "5"]
[White "eldur16"]
[Black "ZEN-22"]
[Result "1-0"]
[WhiteElo "2596"]
[BlackElo "2372"]
[TimeControl "180+1"]
[EndTime "10:55:51 PDT"]
[Termination "eldur16 won by resignation"]

1. d4 Nf6 2. c4 d6 3. Nc3 Bf5 4. g3 Ne4 5. Bg2 Nxc3 6. bxc3 Nc6 7. e4 Bd7 8. Nf3 e5 9. O-O Be7 10. d5 Na5 11. c5 O-O 12. Qe2 a6 13. c4 Re8 14. Bd2 b6 15. c6 Bg4 16. h3 Bh5 17. Qd3 f5 18. Nh2 Bg6 19. exf5 e4 20. Bxe4 Bf7 21. Rae1 Bf6 22. Ng4 Bh5 23. Bg2 Bxg4 24. hxg4 h6 25. Re6 Rf8 26. f4 Bb2 27. g5 hxg5 28. fxg5 b5 29. Bxa5 Qxg5 30. Rg6 Qh5 31. Bc3 bxc4 32. Qxc4 Bxc3 33. Qxc3 Rf7 34. g4 Qh4 35. f6 Re8 36. Rxg7+ Rxg7 37. fxg7 Qxg4 38. Qf6 Qxg7 39. Qxg7+ Kxg7 40. Rb1 Kf6 41. Rb7 Re7 42. Ra7 Ke5 43. Rxa6 Kd4 44. Ra4+ Kc5 45. Rg4 Re2 46.
a4 Ra2 47. Kh2 Ra3 48. Rg7 Kb6 49. Rg4 Kc5 50. Rf4 Ra2 51. Kg3 Ra1 52. Rf7 Kb6 53.
Rf4 Ra3+ 54. Kg4 Ra2 55. Bf3 Ra1 56. Rb4+ Kc5 57. Rb7 Rg1+ 58. Kf4 Ra1 59. Rxc7 Rxa4+ 60. Be4 Kd4 61. Re7 Ra1 62. c7 Rf1+ 63. Bf3 Rc1 64. Bg4 Rf1+ 65. Kg5 Rf8 66. c8=Q Rxc8 67. Bxc8 Kxd5 68. Kf5 Kc6 69. Ke4 d5+ 70. Kd4 Kd6 71. Re6+ Kc7 72. Ba6 Kd7 73. Rh6 1-0

[Event "*** Titled Tuesday Blitz"]
[Site "Chess.com"]
[Date "2021.04.20"]
[Round "5"]
[White "Andrii_Prydun"]
[Black "volunteers1998"]
[Result "1/2-1/2"]
[WhiteElo "2328"]
[BlackElo "2181"]
[TimeControl "180+1"]
[EndTime "10:55:51 PDT"]
[Termination "Game drawn - insufficient material"]

1. d4 f5 2. Nc3 Nf6 3. Bg5 d5 4. Bxf6 exf6 5. e3 c6 6. Bd3 Bd6 7. Qf3 g6 8. O-O-O Na6 9. h4 Nb4 10. Be2 Bd7 11. a3 Na6 12. Bd3 Qe7 13. h5 O-O-O 14.
Nge2 Nc7 15. hxg6 hxg6 16. Nf4 Qf7 17. g3 Rh7 18. Rxh7 Qxh7 19. Rh1 Qg7 20. Rh2 Rh8 21.
Qh1 Rxh2 22. Qxh2 Ne6 23. Nce2 Kc7 24. Ng1 Nxf4 25. exf4 b6 26. Nf3 g5 27. Kd2 c5 28.
c3 c4 29. Bc2 gxf4 30. gxf4 Qg4 31. Ke3 b5 32. Qg3 a5 33. Nh4 Qxg3+ 34. fxg3 b4 35.
axb4 axb4 36. Bxf5 Be7 37. Bxd7 Kxd7 38. Nf5 bxc3 39.
bxc3 Bd8 40. Kd2 Ke6 41. g4 Bc7 42. Ke3 Ba5 43. Kd2 Bc7 44. Ng7+ Kf7 45. Nh5 Kg6 46.
Ke3 Ba5 47. Kd2 Bc7 48. Ke2 f5 49. Kf3 fxg4+ 50. Kxg4 Ba5 51. f5+ Kf7 52. Nf4 Bxc3 53. Nxd5 Bxd4 54. Kf4 c3 55. Nxc3 Bxc3 56. Ke4 Bf6 57. Kf4 Bc3 58. Ke4 Bb2 59. Kf4 Ba1 60.
Ke4 Bb2 61. f6 Ba1 62. Kf4 Bb2 63. Ke4 Bxf6 1/2-1/2

[Event "*** Titled Tuesday Blitz"]
[Site "Chess.com"]
[Date "2021.04.20"]
[Round "5"]
[White "ybruned"]
[Black "MVM2008"]
[Result "0-1"]
[WhiteElo "2316"]
[BlackElo "2160"]
[TimeControl "180+1"]
[EndTime "10:55:51 PDT"]
[Termination "MVM2008 won on time"]

1. b3 e5 2. Bb2 Nc6 3. e3 d5 4.
Bb5 f6 5. f4 e4 6. Nc3 a6 7.
Bxc6+ bxc6 8. Nge2 Nh6 9. O-O Bd6 10. Ng3 Ng4 11. h3 Nh6 12. Nce2 Nf5 13. Nxf5 Bxf5 14. Nd4 Bd7 15. Qh5+ g6 16. Qh4 c5 17. Ne2 Kf7 18. Rae1 f5 19. Qh6 Qf8 20. Qg5 Be7 21. Qg3 Bf6 22. Bxf6 Kxf6 23. Qg5+ Kf7 24. Nc3 c6 25. d3 d4 26. exd4 cxd4 27. Ne2 Qc5 28. Kh1 Rae8 29.
dxe4 Rxe4 30. Ng3 Rxe1 31. Rxe1 Re8 32. Rxe8 Bxe8 33. Qd8 Qxc2 34. Qxd4 Qxa2 35. Qc4+ Kf8 36. Kh2 Qd2 37. Qc5+ Kf7 38. Qc4+ Kf8 39. Kh1 Qd5 40.
Qxa6 Qb5 41. Qxb5 cxb5 42. Kg1 Ke7 43. Kf2 Kd6 44. Ke3 Kc5 45. Ne2 Kb4 46. Nd4 Bf7 47. Kd3 Bxb3 48. Nc6+ Kc5 49. Ne5 Bc4+ 50. Kc3 b4+ 51.
Kb2 Bd5 52. g4 Kd4 53. gxf5 gxf5 54. Nf7 Bxf7 55. h4 Ke4 56. h5 Kxf4 0-1